| TOP OF THE 1ST |
|
Madison Brewers batting - Pitching for Oakland Oaks : RHP Bob Waters
|
|
Pitching: RHP Bob Waters
|
|
|
Batting: RHB Malcolm McCauley
|
0-0: Ball 1-0: Foul Ball, location: 2F 1-1: Foul Ball, location: 2F 1-2: Ball 2-2: Ball 3-2: Ground out 6-3 (Groundball, 4MS, EV 68.1 MPH)
|
|
Batting: RHB Cory Taylor
|
0-0: Ball 1-0: Ball 2-0: Called Strike 2-1: Swinging Strike 2-2: Ball 3-2: Fly out, F8 (Line Drive, 8LM, EV 106.9 MPH)
|
|
Batting: RHB Jelani Griffin
|
0-0: Swinging Strike 0-1: Swinging Strike 0-2: Ball 1-2: Ball 2-2: Ball 3-2: Ground out 4-3 (Groundball, 4, EV 75.6 MPH)
|
| Top of the 1st over - 0 runs, 0 hits, 0 errors, 0 left on base; Madison 0 - Oakland 0 |
| BOTTOM OF THE 1ST |
|
Oakland Oaks batting - Pitching for Madison Brewers : RHP Justin Post
|
|
Pitching: RHP Justin Post
|
|
|
Batting: LHB Bill Helmer
|
0-0: Ball 1-0: Foul Ball, location: 2F 1-1: Bunt missed! 1-2: Strikes out looking
|
|
Batting: RHB Robby Britton
|
0-0: Ball 1-0: Ball 2-0: Ball 3-0: Called Strike 3-1: Swinging Strike 3-2: Fly out, F9 (Flyball, 9, EV 88.1 MPH)
|
|
Batting: LHB Justin LeFlore
|
0-0: SOLO HOME RUN (Flyball, 8RXD, EV 115.0 MPH), Distance : 457 ft
|
|
Batting: SHB Chris King
|
0-0: Ball 1-0: Ground out 4-3 (Groundball, 4, EV 80.6 MPH)
|
| Bottom of the 1st over - 1 run, 1 hit, 0 errors, 0 left on base; Madison 0 - Oakland 1 |
| TOP OF THE 2ND |
|
Madison Brewers batting - Pitching for Oakland Oaks : RHP Bob Waters
|
|
Batting: LHB Bill Kovac
|
0-0: Ball 1-0: Ball 2-0: Foul Ball, location: 2F 2-1: Ball 3-1: Foul Ball, location: 2F 3-2: Foul Ball, location: 2F 3-2: Strikes out looking
|
|
Batting: RHB Kelan Rae
|
0-0: Called Strike 0-1: Ball 1-1: Ball 2-1: Fly out, F3 (Popup, 3SF, EV 69.4 MPH)
|
|
Batting: RHB Patrick Foote
|
0-0: Ball 1-0: Foul Ball, location: 2F 1-1: Foul Ball, location: 2F 1-2: Ball 2-2: SINGLE (Flyball, 89S, EV 97.5 MPH)
|
|
Batting: RHB Dave Guevara
|
0-0: Ball 1-0: Called Strike Patrick Foote steals 2nd base 1-1: Foul Ball, location: 2F 1-2: Foul Ball, location: 2F 1-2: Strikes out swinging
|
| Top of the 2nd over - 0 runs, 1 hit, 0 errors, 1 left on base; Madison 0 - Oakland 1 |
| BOTTOM OF THE 2ND |
|
Oakland Oaks batting - Pitching for Madison Brewers : RHP Justin Post
|
|
Batting: RHB Moises Guzman
|
0-0: Fly out, F7 (Flyball, 78M, EV 85.6 MPH)
|
|
Batting: RHB Mario Medina
|
0-0: Called Strike 0-1: Foul Ball, location: 2F 0-2: Strikes out swinging
|
|
Batting: RHB Edwin Nunez
|
0-0: Ball 1-0: Called Strike 1-1: SINGLE (Groundball, 25, EV 69.4 MPH) (infield hit)
|
|
Batting: RHB Jack Stadner
|
0-0: Ball 1-0: Foul Ball, location: 2F 1-1: Ball 2-1: Foul Ball, location: 2F 2-2: Fly out, F7 (Line Drive, 7, EV 95.0 MPH)
|
| Bottom of the 2nd over - 0 runs, 1 hit, 0 errors, 1 left on base; Madison 0 - Oakland 1 |
| TOP OF THE 3RD |
|
Madison Brewers batting - Pitching for Oakland Oaks : RHP Bob Waters
|
|
Batting: LHB Andy Underwood
|
0-0: Called Strike 0-1: Swinging Strike 0-2: Ball 1-2: Ball 2-2: Foul Ball, location: 2F 2-2: Strikes out swinging
|
|
Batting: LHB Ryan Cleveland
|
0-0: Ball 1-0: Called Strike 1-1: Called Strike 1-2: Strikes out swinging, 2-3 out at first.
|
|
Batting: RHB Malcolm McCauley
|
0-0: Ball 1-0: Swinging Strike 1-1: Ball 2-1: Ball 3-1: Fly out, F8 (Flyball, 8LM, EV 81.2 MPH)
|
| Top of the 3rd over - 0 runs, 0 hits, 0 errors, 0 left on base; Madison 0 - Oakland 1 |
| BOTTOM OF THE 3RD |
|
Oakland Oaks batting - Pitching for Madison Brewers : RHP Justin Post
|
|
Batting: RHB Matt Nehman
|
0-0: Fly out, F7 (Flyball, 7, EV 77.5 MPH)
|
|
Batting: LHB Bill Helmer
|
0-0: Ball 1-0: Called Strike 1-1: Foul Ball, location: 2F 1-2: Ball 2-2: Ball 3-2: Strikes out swinging
|
|
Batting: RHB Robby Britton
|
0-0: Ball 1-0: Ground out 6-3 (Groundball, 6, EV 80.6 MPH)
|
| Bottom of the 3rd over - 0 runs, 0 hits, 0 errors, 0 left on base; Madison 0 - Oakland 1 |
| TOP OF THE 4TH |
|
Madison Brewers batting - Pitching for Oakland Oaks : RHP Bob Waters
|
|
Batting: RHB Cory Taylor
|
0-0: Ball 1-0: Swinging Strike 1-1: Ball 2-1: Ground out U3 (Groundball, 13, EV 82.5 MPH)
|
|
Batting: RHB Jelani Griffin
|
0-0: Ball 1-0: Foul Ball, location: 2F 1-1: Ground out 5-3 (Groundball, 5, EV 86.9 MPH)
|
|
Batting: LHB Bill Kovac
|
0-0: Called Strike 0-1: Ball 1-1: Ball 2-1: Ball 3-1: Foul Ball, location: 2F 3-2: SINGLE (Line Drive, 4D, EV 104.4 MPH)
|
|
Batting: RHB Kelan Rae
|
0-0: Called Strike 0-1: Ball 1-1: Swinging Strike 1-2: Fly out, F8 (Flyball, 89M, EV 94.4 MPH)
|
| Top of the 4th over - 0 runs, 1 hit, 0 errors, 1 left on base; Madison 0 - Oakland 1 |
| BOTTOM OF THE 4TH |
|
Oakland Oaks batting - Pitching for Madison Brewers : RHP Justin Post
|
|
Batting: LHB Justin LeFlore
|
0-0: Fly out, F8 (Flyball, 89M, EV 85.0 MPH)
|
|
Batting: SHB Chris King
|
0-0: Fly out, F3 (Popup, 3, EV 60.0 MPH)
|
|
Batting: RHB Moises Guzman
|
0-0: Ball 1-0: Called Strike 1-1: Ball 2-1: Ball 3-1: Swinging Strike 3-2: Strikes out looking
|
| Bottom of the 4th over - 0 runs, 0 hits, 0 errors, 0 left on base; Madison 0 - Oakland 1 |
| TOP OF THE 5TH |
|
Madison Brewers batting - Pitching for Oakland Oaks : RHP Bob Waters
|
|
Batting: RHB Patrick Foote
|
0-0: Called Strike 0-1: Ball 1-1: Fly out, F9 (Flyball, 9S, EV 95.0 MPH)
|
|
Batting: RHB Dave Guevara
|
0-0: Ball 1-0: Ball 2-0: Called Strike 2-1: Foul Ball, location: 2F 2-2: Foul Ball, location: 2F 2-2: Ball 3-2: Base on Balls
|
|
Batting: LHB Andy Underwood
|
0-0: Called Strike 0-1: Called Strike 0-2: Ball 1-2: Fielders Choice at 2nd, 3-6 (Groundball, 3S, EV 83.8 MPH)
|
|
Batting: LHB Ryan Cleveland
|
0-0: Ball 1-0: Called Strike 1-1: Foul Ball, location: 2F 1-2: Foul Ball, location: 2F 1-2: Ground out 4-3 (Groundball, 4, EV 91.9 MPH)
|
| Top of the 5th over - 0 runs, 0 hits, 0 errors, 1 left on base; Madison 0 - Oakland 1 |
| BOTTOM OF THE 5TH |
|
Oakland Oaks batting - Pitching for Madison Brewers : RHP Justin Post
|
|
Batting: RHB Mario Medina
|
0-0: Ball 1-0: Ball 2-0: Called Strike 2-1: Foul Ball, location: 2F 2-2: Ball 3-2: Foul Ball, location: 2F 3-2: Strikes out looking
|
|
Batting: RHB Edwin Nunez
|
0-0: Ball 1-0: Swinging Strike 1-1: Ball 2-1: Swinging Strike 2-2: Foul Ball, location: 2F 2-2: Strikes out swinging
|
|
Batting: RHB Jack Stadner
|
0-0: Foul Ball, location: 2F 0-1: Swinging Strike 0-2: Foul Ball, location: 2F 0-2: Ball 1-2: SINGLE (Groundball, 34D, EV 100.0 MPH)
|
|
Batting: RHB Matt Nehman
|
0-0: Called Strike 0-1: Fly out, F7 (Line Drive, 7, EV 96.9 MPH)
|
| Bottom of the 5th over - 0 runs, 1 hit, 0 errors, 1 left on base; Madison 0 - Oakland 1 |
| TOP OF THE 6TH |
|
Madison Brewers batting - Pitching for Oakland Oaks : RHP Bob Waters
|
|
Batting: RHB Malcolm McCauley
|
0-0: Ball 1-0: Swinging Strike 1-1: Swinging Strike 1-2: Ball 2-2: Strikes out swinging
|
|
Batting: RHB Cory Taylor
|
0-0: Ball 1-0: Called Strike 1-1: Ball 2-1: Ball 3-1: Swinging Strike 3-2: Foul Ball, location: 2F 3-2: Foul Ball, location: 2F 3-2: Strikes out swinging
|
|
Batting: RHB Jelani Griffin
|
0-0: Called Strike 0-1: Foul Ball, location: 2F 0-2: Ball 1-2: Foul Ball, location: 2F 1-2: Ball 2-2: Ball 3-2: DOUBLE (Flyball, 89XD, EV 102.5 MPH)
|
|
Batting: LHB Bill Kovac
|
0-0: Ball 1-0: Swinging Strike 1-1: Ball 2-1: Foul Ball, location: 2F 2-2: 2-RUN HOME RUN (Flyball, 9D, EV 98.8 MPH), Distance : 422 ft
|
|
Batting: RHB Kelan Rae
|
0-0: Ball 1-0: Fly out, F9 (Flyball, 9D, EV 109.4 MPH)
|
| Top of the 6th over - 2 runs, 2 hits, 0 errors, 0 left on base; Madison 2 - Oakland 1 |
| BOTTOM OF THE 6TH |
|
Oakland Oaks batting - Pitching for Madison Brewers : RHP Justin Post
|
|
Batting: LHB Bill Helmer
|
0-0: Swinging Strike 0-1: Ball 1-1: Ball 2-1: Ground out U3 (Groundball, 3, EV 103.1 MPH)
|
|
Batting: RHB Robby Britton
|
0-0: Ball 1-0: Called Strike 1-1: Ball 2-1: Ball 3-1: Foul Ball, location: 2F 3-2: Base on Balls
|
|
Batting: LHB Justin LeFlore
|
0-0: Foul Ball, location: 2F 0-1: Ball 1-1: Ball 2-1: Called Strike 2-2: Ball 3-2: Base on Balls Robby Britton to second
|
|
Pitching: RHP Rick Acevedo
|
|
|
Batting: SHB Chris King
|
0-0: Ball 1-0: Fly out, F8 (Line Drive, 8LD, EV 98.8 MPH)
|
|
Batting: RHB Moises Guzman
|
0-0: Ball 1-0: Swinging Strike 1-1: Foul Ball, location: 2F 1-2: Ball Wild Pitch! Robby Britton to third Justin LeFlore to second 2-2: Ground out 5-3 (Groundball, 5, EV 86.2 MPH)
|
| Bottom of the 6th over - 0 runs, 0 hits, 0 errors, 2 left on base; Madison 2 - Oakland 1 |
| TOP OF THE 7TH |
|
Madison Brewers batting - Pitching for Oakland Oaks : RHP Bob Waters
|
|
Pitching: LHP Vincent Whittick
|
|
|
Batting: RHB Patrick Foote
|
0-0: Called Strike 0-1: Swinging Strike 0-2: Ball 1-2: Ball 2-2: SINGLE (Flyball, 8RS, EV 91.9 MPH)
|
|
Batting: RHB Dave Guevara
|
0-0: Fielders Choice at 2nd, 1-6 (Groundball, 13, EV 66.9 MPH)
|
|
Batting: LHB Andy Underwood
|
0-0: Called Strike 0-1: Reached on error, E6 (Groundball, 6M, EV 103.1 MPH) Dave Guevara to second
|
|
Batting: LHB Ryan Cleveland
|
0-0: Ball 1-0: Ball 2-0: Called Strike 2-1: Foul Ball, location: 2F 2-2: Strikes out looking
|
|
Batting: RHB Malcolm McCauley
|
0-0: Ground out 3-1 (Groundball, 34, EV 91.2 MPH)
|
| Top of the 7th over - 0 runs, 1 hit, 1 error, 2 left on base; Madison 2 - Oakland 1 |
| BOTTOM OF THE 7TH |
|
Oakland Oaks batting - Pitching for Madison Brewers : RHP Rick Acevedo
|
|
Batting: RHB Mario Medina
|
0-0: Called Strike 0-1: Called Strike 0-2: Strikes out swinging
|
|
Pinch Hitting: LHB Brian Canny
|
0-0: Ball 1-0: Ground out 4-3 (Groundball, 4, EV 109.4 MPH)
|
|
Pinch Hitting: LHB Chris Davidson
|
0-0: Foul Ball, location: 2F 0-1: Ground out 6-3 (Groundball, 6, EV 92.5 MPH)
|
| Bottom of the 7th over - 0 runs, 0 hits, 0 errors, 0 left on base; Madison 2 - Oakland 1 |
| TOP OF THE 8TH |
|
Madison Brewers batting - Pitching for Oakland Oaks : LHP Vincent Whittick
|
|
Now at 2B: Alex Vidal
|
|
|
Now at 3B: Ernie McLean
|
|
|
Batting: RHB Cory Taylor
|
0-0: Ball 1-0: Ball 2-0: Ball 3-0: Base on Balls
|
|
Batting: RHB Jelani Griffin
|
0-0: Ball 1-0: Foul Ball, location: 2F 1-1: Called Strike 1-2: Strikes out swinging
|
|
Batting: RHB Mario Lopez
|
0-0: Ball 1-0: Ball 2-0: Called Strike 2-1: Foul Ball, location: 2F 2-2: Fielders Choice at 2nd, 5-4 (Groundball, 56, EV 102.5 MPH)
|
|
Batting: RHB Kelan Rae
|
0-0: Fielders Choice at 2nd, 6-4 (Groundball, 6, EV 80.0 MPH)
|
| Top of the 8th over - 0 runs, 0 hits, 0 errors, 1 left on base; Madison 2 - Oakland 1 |
| BOTTOM OF THE 8TH |
|
Oakland Oaks batting - Pitching for Madison Brewers : RHP Rick Acevedo
|
|
Now at 1B: Jelani Griffin
|
|
|
Now at 2B: Jackson Wither
|
|
|
Now at 3B: Noah Peek
|
|
|
Now in LF: Sammar Wambugu
|
|
|
Pinch Hitting: LHB Justin Conley
|
0-0: Ball 1-0: Foul Ball, location: 2F 1-1: Foul Ball, location: 2F 1-2: Foul Ball, location: 2F 1-2: Fly out, F7 (Flyball, 78S, EV 90.6 MPH)
|
|
Batting: LHB Bill Helmer
|
0-0: Ball 1-0: Ball 2-0: Foul Ball, location: 2F 2-1: Foul Ball, location: 2F 2-2: Ball 3-2: Foul Ball, location: 2F 3-2: Foul Ball, location: 2F 3-2: Foul Ball, location: 2F 3-2: Fly out, F4 (Flyball, 4MD, EV 86.9 MPH)
|
|
Batting: RHB Robby Britton
|
0-0: Called Strike 0-1: Foul Ball, location: 2F 0-2: Ball 1-2: Ball 2-2: DOUBLE (Line Drive, 5D, EV 105.6 MPH)
|
|
Batting: LHB Justin LeFlore
|
0-0: Ball 1-0: Foul Ball, location: 2F 1-1: Called Strike 1-2: Ball 2-2: Strikes out swinging
|
| Bottom of the 8th over - 0 runs, 1 hit, 0 errors, 1 left on base; Madison 2 - Oakland 1 |
| TOP OF THE 9TH |
|
Madison Brewers batting - Pitching for Oakland Oaks : LHP Vincent Whittick
|
|
Now at 1B: Justin Conley
|
|
|
Batting: RHB Patrick Foote
|
0-0: Fly out, F3 (Popup, 3S, EV 73.8 MPH)
|
|
Pinch Hitting: LHB Chien Sam
|
0-0: Ball 1-0: Ground out 1-3 (Groundball, 34S, EV 68.1 MPH)
|
|
Batting: LHB Andy Underwood
|
0-0: Called Strike 0-1: Fly out, F4 (Popup, 4MD, EV 43.8 MPH)
|
| Top of the 9th over - 0 runs, 0 hits, 0 errors, 0 left on base; Madison 2 - Oakland 1 |
| BOTTOM OF THE 9TH |
|
Oakland Oaks batting - Pitching for Madison Brewers : RHP Rick Acevedo
|
|
Pitching: LHP Matt Rhinehart
|
|
|
Now at SS: Alejandro Collazo
|
|
|
Batting: SHB Chris King
|
0-0: SINGLE (Flyball, 89M, EV 90.6 MPH)
|
|
Batting: RHB Moises Guzman
|
0-0: Ball 1-0: Foul Ball, location: 2F 1-1: Swinging Strike 1-2: Ball 2-2: Strikes out swinging
|
|
Pinch Hitting: RHB Kasey Sands
|
0-0: Called Strike 0-1: SINGLE (Line Drive, 7LM, EV 93.8 MPH) Chris King to second
|
|
Pinch Hitting: RHB Pat Betancourt
|
0-0: Ball 1-0: Ball 2-0: Called Strike 2-1: Foul Ball, location: 2F 2-2: Ball 3-2: Foul Ball, location: 2F 3-2: 3-RUN HOME RUN (Flyball, 7D, EV 95.0 MPH), Distance : 390 ft
|
| Bottom of the 9th over - 3 runs, 3 hits, 0 errors, 0 left on base; Madison 2 - Oakland 4 |
|